 Dungeon Crawl Stone Soup version 0.13.0-25-g43d4df3 (webtiles) character file.

289 MackTheKnife the Poker (level 5, 0/31 HPs)
             Began as a Tengu Death Knight on Oct 29, 2013.
             Was a Believer of Yredelemnul.
             Slain by an orc
             ... wielding a +0,+0 orcish flail
              (10 damage)
             ... on Level 3 of the Dungeon.
             The game lasted 00:06:07 (3173 turns).

MackTheKnife the Poker (Tengu Death Knight)         Turns: 3173, Time: 00:06:07

HP   0/31        AC  4     Str 13      XL: 5   Next: 85%
MP  10/10        EV 12     Int 12      God: Yredelemnul [**....]
Gold 82          SH  0     Dex 14      Spells:  0 memorised,  4 levels left

Res.Fire  : . . .   See Invis. : .   a - +1 spear {=f}
Res.Cold  : . . .   Warding    : .   t - +1 robe {MR+}
Life Prot.: . . .   Conserve   : .   (no shield)
Res.Poison: .       Res.Corr.  : .   (helmet restricted)
Res.Elec. : .       Clarity    : .   (no cloak)
Sust.Abil.: . .     Spirit.Shd : .   d - +0 pair of gloves
Res.Mut.  : .       Stasis     : .   (boots unavailable)
Res.Rott. : .       Flight     : .   (no amulet)
Saprovore : . . .                    (no ring)
                                     (no ring)

@: somewhat resistant to hostile enchantments, unstealthy
A: able to fly, beak, talons 3
a: Fly, Animate Remains, Recall Undead Slaves, Injury Mirror, Renounce Religion


You were on level 3 of the Dungeon.
You worshipped Yredelemnul.
Yredelemnul was pleased with you.
You were near starving.

You visited 1 branch of the dungeon, and saw 4 of its levels.

You collected 62 gold pieces.

Inventory:

Hand weapons
 a - a +1,+1 spear (weapon) {=f}
Armour
 d - a +0 pair of gloves (worn)
 t - a +1 robe of magic resistance (worn)
 u - a +0 leather armour
Magical devices
 v - a wand of fireball (1)
Comestibles
 b - an apple
 c - 5 bread rations
 f - 3 meat rations
Scrolls
 g - 4 scrolls of remove curse {unknown}
 h - a scroll of noise {unknown}
 l - a scroll of blinking {unknown}
 n - a scroll of random uselessness {unknown}
 o - a scroll of teleportation {unknown}
 s - a scroll of curse jewellery {unknown}
Jewellery
 e - an uncursed ring of flight {unknown}
Potions
 i - a potion of might {unknown}
 k - a potion of restore abilities {unknown}
 m - a potion of agility
 q - a potion of heal wounds {unknown}
 r - a potion of speed {unknown}


   Skills:
 - Level 2.0 Fighting
 + Level 5.7 Polearms
 - Level 1.1 Armour
 - Level 1.1 Dodging
 - Level 3.4 Invocations


You had 4 spell levels left.
You didn't know any spells.

Dungeon Overview and Level Annotations

Branches:
Dungeon (4/27)
 Temple: D:4-7

Altars:

Annotations:
D:3 Grinder, Sigmund
D:4 exclusion: upstairs


Innate Abilities, Weirdness & Mutations

You can fly.
You have a beak for a mouth.
You have claws for feet.


Message History

* * * LOW HITPOINT WARNING * * *
You are too injured to fight recklessly!
You are too injured to fight recklessly!
You hit the orc but do no damage. You hit the orc.
The orc is lightly wounded.
The orc completely misses you.
You hit the orc.
The orc is moderately wounded.
The orc closely misses you.
You hit the orc. Your kick misses the orc. You peck the orc.
The orc is severely wounded.
You closely miss the orc.
The orc is severely wounded.
The orc barely misses you.
You hit the orc but do no damage.
The orc is severely wounded.
The orc hits you with an orcish flail!
You die...
Your body rises from the dead as a mindless zombie.

.# #.# .# #.# .# #.# .# #5# .#
#.# .# ##########.# .#
#..........#
.##############.o........########
..............'.@........'.......
.........######..........########
.........# #..........#
.........# #.....)....#
.........# #..^.......#
.........######..........########
.........'....+..........'.).....
.........######..........########
.........# ############


You could see an orc.

Vanquished Creatures
  An ogre (D:4)
  Ijyb (D:3)
  Jessica (D:3)
  Terence (D:3)
  2 giant geckos (D:3)
  An ooze (D:2)
  An orc (D:4)
  6 bats
  2 giant cockroaches
  3 goblins
  9 hobgoblins
  2 quokkas
  A giant newt (D:1)
  7 kobolds
  7 rats
45 creatures vanquished.

Vanquished Creatures (collateral kills)
  An orc priest (D:4)
  A worker ant (D:4)
  An orc (D:4)
  A bat (D:3)
  A rat (D:4)
5 creatures vanquished.

Vanquished Creatures (others)
  An ogre zombie (D:4)
  A bat zombie (D:3)
  An orc zombie (D:4)
3 creatures vanquished.

Grand Total: 53 creatures vanquished

Notes
Turn   | Place    | Note
--------------------------------------------------------------
     0 | D:1      | MackTheKnife, the Tengu Death Knight, began the quest for the Orb.
     0 | D:1      | Reached XP level 1. HP: 12/12 MP: 2/2
   146 | D:1      | Reached XP level 2. HP: 12/17 MP: 4/4
   396 | D:1      | Reached skill level 3 in Polearms
   812 | D:2      | Reached XP level 3. HP: 14/21 MP: 6/6
  1554 | D:3      | Noticed Jessica
  1564 | D:3      | Killed Jessica
  1564 | D:3      | Acquired Yredelemnul's second power
  1790 | D:3      | Noticed Grinder
  1971 | D:3      | Noticed Terence
  1991 | D:3      | Killed Terence
  1991 | D:3      | Reached XP level 4. HP: 9/27 MP: 8/8
  2027 | D:3      | Noticed Ijyb
  2201 | D:3      | Killed Ijyb
  2201 | D:3      | Reached skill level 4 in Polearms
  2528 | D:3      | Noticed Sigmund
  2809 | D:4      | Noticed an ogre
  2830 | D:4      | Killed an ogre
  2830 | D:4      | Reached skill level 5 in Polearms
  2830 | D:4      | Reached XP level 5. HP: 10/31 MP: 10/10
  3173 | D:3      | Slain by an orc

Action                   |  1- 3 |  4- 6 || total
-------------------------+-------+-------++-------
Melee: Spear             |   111 |    63 ||   174
Invok: Animate Remains   |     4 |     2 ||     6
Evoke: Wand              |       |     1 ||     1
  Use: Potion            |       |     3 ||     3
 Stab: Sleeping          |       |     1 ||     1
